Senators vs Devils

Created - Monday, January 25, 2016 at 12:16

Goals
1 2 3 OT1 T
Senators 1 0 0 1 2
Devils 0 1 0 0 1
Shots
1 2 3 OT1 T
Senators 11 7 7 1 26
Devils 5 8 11 1 25

1st period

1. Senators , Phil Kessel 32 (Johnny Oduya, Zach Bogosian) at 3:25 (PP)

Penalties :
Andrew Miller (NJD) for Holding (Minor) at 2:01, David Warsofsky (NJD) for Diving (Minor) at 11:05

2nd period

2. Devils , Brendan Shinnimin 2 (Chris Bourque, David Warsofsky) at 14:01

Penalties :
Chris Wideman (NJD) for Hooking (Minor) at 1:10, Tyler Myers (Ott) for Hooking (Minor) at 5:29, Dion Phaneuf (Ott) for Hooking (Minor) at 15:33, Kyle Brodziak (Ott) for Holding (Minor) at 18:10, Tyler Myers (Ott) for Holding (Minor) at 19:48

3rd period

No Goal

Penalties :
Dion Phaneuf (Ott) for Hooking (Minor) at 11:52, Kyle Chipchura (Ott) for Cross-checking (Minor) at 16:33, Tyler Myers (Ott) for Hooking (Minor) at 19:21

Overtime #1

3. Senators , Jarome Iginla 22 (Dion Phaneuf, Johnny Oduya) at 2:01

Penalties :
No Penalty

Goalie Stats

Steve Mason (Ott), 24 saves from 25 shots - (0.960), W, 24-11-6, 62:01 minutes
Devan Dubnyk (NJD), 24 saves from 26 shots - (0.923), OTL, 22-17-3, 62:01 minutes

Players Stats for Senators

Player Name              G  A  P  +/- PIM S  H  SB GA TA FO     MP     PP MP  PK MP  
------------------------------------------------------------------------------------
Boone Jenner             0  0  0   0  0   2  1  0  1  1  1/3    15:57   2:40   0:57 
Bryan Bickell            0  0  0   0  0   0  2  0  2  0  1/1     8:51   0:00   0:00 
Connor Murphy            0  0  0   0  0   0  2  3  1  1  0/0    17:26   0:00   5:54 
Dave Bolland             0  0  0   0  0   2  1  0  1  0  3/7    12:58   0:00   0:00 
Dion Phaneuf             0  1  1   1  4   4  2  2  1  1  0/0    26:41   3:37   5:47 
Jake Gardiner            0  0  0   0  0   1  1  2  0  0  0/0    10:52   0:00   0:00 
Jarome Iginla            1  0  1   1  0   5  3  0  3  0  0/0    21:21   2:40   8:01 
Johnny Oduya             0  2  2  -1  0   3  1  2  0  1  0/0    22:41   1:45   5:54 
Jonathan Toews           0  0  0   0  0   2  0  0  3  0  13/28  23:16   2:40  10:12 
Kyle Brodziak            0  0  0   1  2   0  2  0  0  0  5/6    12:09   0:00   0:29 
Kyle Chipchura           0  0  0   0  2   1  5  0  0  0  0/0    13:19   0:00   0:57 
Kyle Turris              0  0  0  -1  0   1  3  0  0  0  4/7    17:15   2:42   2:23 
Loui Eriksson            0  0  0  -1  0   0  0  1  0  2  1/1    14:04   2:42   0:00 
Michael Grabner          0  0  0   0  0   1  0  0  2  0  0/1     3:43   0:00   0:00 
Mike Santorelli          0  0  0   0  0   0  0  0  1  0  0/0     8:51   0:00   0:00 
Phil Kessel              1  0  1  -1  0   2  1  0  5  0  0/1    17:15   2:42   2:23 
Tyler Myers              0  0  0   1  6   2  0  1  0  3  0/0    24:34   3:37   3:34 
Zach Bogosian            0  1  1  -1  0   0  1  1  1  4  0/0    22:41   1:45   5:54 

Players Stats for Devils

Player Name              G  A  P  +/- PIM S  H  SB GA TA FO     MP     PP MP  PK MP  
------------------------------------------------------------------------------------
Ales Hemsky              0  0  0   0  0   0  1  0  0  0  0/0    20:02   8:03   2:05 
Andrew Miller            0  0  0   0  2   1  0  0  2  0  5/8    10:33   0:00   0:00 
Brad Hunt                0  0  0   0  0   1  0  2  2  1  0/0    25:07   8:03   2:32 
Brendan Shinnimin        1  0  1   1  0   3  0  1  2  1  2/6    11:21   0:00   1:45 
Chris Bourque            0  1  1   1  0   0  2  0  0  1  0/0     9:36   0:00   0:00 
Chris Wideman            0  0  0  -1  2   1  0  0  0  1  0/0    25:25   4:08   1:43 
David Warsofsky          0  1  1   1  2   1  2  1  0  1  0/0    19:13   0:00   1:39 
Drew Stafford            0  0  0   0  0   2  5  2  0  0  1/1    19:36   7:08   0:20 
Jason Akeson             0  0  0   0  0   1  2  0  0  0  0/0    11:00   0:03   0:00 
Matt Cullen              0  0  0   0  0   2  0  0  2  0  7/13   18:27   5:03   3:17 
Matt Greene              0  0  0   1  0   4  1  3  0  5  0/0    23:06   0:00   4:50 
Paul Stastny             0  0  0   0  0   1  2  0  6  0  10/21  20:14   7:08   0:00 
Radko Gudas              0  0  0   0  0   0  0  0  0  0  0/0     0:13   0:00   0:00 
Scottie Upshall          0  0  0  -1  0   1  3  0  1  2  1/3    19:01   5:03   3:17 
Sergei Gonchar           0  0  0  -1  0   0  2  1  0  2  0/0    22:52   4:08   0:00 
Tyler Johnson            0  0  0   0  0   3  2  1  3  0  0/2    20:23   7:08   0:00 
Zach Boychuk             0  0  0  -1  0   4  2  0  3  0  1/1    16:44   5:00   0:00 
Zach Budish              0  0  0   1  0   0  2  0  0  0  0/0     9:36   0:00   0:00 

3 Stars

1 - Steve Mason (Ott)
2 - Jarome Iginla (Ott)
3 - Brendan Shinnimin (NJD)

Power Play

Senators - 1 on 3 Attempt(s) - 33.33%
Devils - 0 on 7 Attempt(s) - 0.00%

Penalty Kill

Senators - 7 on 7 Attempt(s) - 100.00% - Score 0 goal in Penalty Kill
Devils - 2 on 3 Attempt(s) - 66.67% - Score 0 goal in Penalty Kill

Team Stat

Senators - Hits : 25 - Faceoff Wins : 28 - Blocked Shots : 12 - Penalty Minutes : 14
Devils - Hits : 26 - Faceoff Wins : 27 - Blocked Shots : 11 - Penalty Minutes : 6

Official

Referees : Unknown
Linesman : Unknown

Game Notes

Radko Gudas is injured at 1:18 of 1st period (Broken Bone (Right Ankle))
Michael Grabner is injured at 17:46 of 1st period (Right Hip)

Finance

Level 1 -- Attendance: 6000 (100.00%) -- Ticket Income $450,000
Level 2 -- Attendance: 3753 (75.06%) -- Ticket Income $225,180
Level 3 -- Attendance: 1468 (73.40%) -- Ticket Income $51,380
Level 4 -- Attendance: 2354 (58.85%) -- Ticket Income $58,850
Luxury Box -- Attendance: 977 (97.70%) -- Ticket Income $156,320
Game was played at the Continental Airlines Arena.
Total Attendance: 14552 (80.84%)
Total Ticket Income: $941,730
Other Income: $461,448
Total Income: $1,403,178

Senators

5 vs 5 Forward 
   Center                   Left Wing                Right Wing               Time % Phy DF OF 
 1 Jonathan Toews           Boone Jenner             Jarome Iginla            35     1   2  2  
 2 Kyle Turris              Loui Eriksson            Phil Kessel              30     1   2  2  
 3 Kyle Brodziak            Michael Grabner          Kyle Chipchura           22     1   2  2  
 4 Dave Bolland             Bryan Bickell            Mike Santorelli          13     1   2  2  

5 vs 5 Defense 
   Defense                  Defense                                           Time % Phy DF OF 
 1 Dion Phaneuf             Tyler Myers                                       35     1   2  2  
 2 Zach Bogosian            Johnny Oduya                                      30     1   2  2  
 3 Jake Gardiner            Connor Murphy                                     22     1   2  2  
 4 Dion Phaneuf             Tyler Myers                                       13     1   2  2  

PowerPlay Forward 
   Center                   Left Wing                Right Wing               Time % Phy DF OF 
 1 Jonathan Toews           Boone Jenner             Jarome Iginla            60     1   2  2  
 2 Kyle Turris              Loui Eriksson            Phil Kessel              40     1   2  2  

PowerPlay Defense
   Defense                  Defense                                           Time % Phy DF OF 
 1 Dion Phaneuf             Tyler Myers                                       60     1   2  2  
 2 Zach Bogosian            Johnny Oduya                                      40     1   2  2  

Penalty Kill 4 Players Forward 
   Center                   Wing                     Time % Phy DF OF 
 1 Jonathan Toews           Jarome Iginla            60     1   2  2  
 2 Phil Kessel              Kyle Turris              40     1   2  2  

Penalty Kill 4 Players Defense
   Defense                  Defense                  Time % Phy DF OF 
 1 Dion Phaneuf             Tyler Myers              60     1   2  2  
 2 Zach Bogosian            Johnny Oduya             40     1   2  2  

Penalty Kill - 3 Players Forward 
   Forward                                           Time % Phy DF OF 
 1 Jonathan Toews                                    60     1   2  2  
 2 Jarome Iginla                                     40     1   2  2  

Penalty Kill - 3 Players Defense
   Defense                  Defense                  Time % Phy DF OF 
 1 Dion Phaneuf             Tyler Myers              60     1   2  2  
 2 Zach Bogosian            Johnny Oduya             40     1   2  2  

4 vs 4 Forward 
   Center                   Wing                     Time % Phy DF OF 
 1 Jonathan Toews           Jarome Iginla            60     1   2  2  
 2 Phil Kessel              Kyle Turris              40     1   2  2  

4 vs 4 Defense
   Defense                  Defense                  Time % Phy DF OF 
 1 Dion Phaneuf             Tyler Myers              60     1   2  2  
 2 Zach Bogosian            Johnny Oduya             40     1   2  2  

Last Minutes Offensive
   Center                   Left Wing                Right Wing               Defense                  Defense                  
   Jonathan Toews           Boone Jenner             Jarome Iginla            Dion Phaneuf             Tyler Myers              

Last Minutes Defensive
   Center                   Left Wing                Right Wing               Defense                  Defense                  
   Jonathan Toews           Boone Jenner             Jarome Iginla            Dion Phaneuf             Tyler Myers              

Goaltenders
Starting : Steve Mason              
Backup : Jacob Markstrom          

Extra Forwards
Normal : Kyle Brodziak, Dave Bolland, Michael Grabner - PP : Kyle Brodziak, Dave Bolland - PK : Michael Grabner
Extra Defensemen
Normal : Jake Gardiner, Connor Murphy, Zach Bogosian - PP : Jake Gardiner - PK : Connor Murphy, Zach Bogosian
Penalty Shots
Jonathan Toews, Jarome Iginla, Phil Kessel, Kyle Turris, Boone Jenner

Devils

5 vs 5 Forward 
   Center                   Left Wing                Right Wing               Time % Phy DF OF 
 1 Paul Stastny             Tyler Johnson            Drew Stafford            38     0   0  5  
 2 Matt Cullen              Scottie Upshall          Ales Hemsky              30     1   2  2  
 3 Andrew Miller            Zach Boychuk             Jason Akeson             22     1   2  2  
 4 Brendan Shinnimin        Chris Bourque            Zach Budish              10     1   2  2  

5 vs 5 Defense 
   Defense                  Defense                                           Time % Phy DF OF 
 1 Matt Greene              Chris Wideman                                     35     1   2  2  
 2 Radko Gudas              David Warsofsky                                   34     1   2  2  
 3 Brad Hunt                Sergei Gonchar                                    30     1   2  2  
 4 Chris Wideman            Sergei Gonchar                                    1      1   2  2  

PowerPlay Forward 
   Center                   Left Wing                Right Wing               Time % Phy DF OF 
 1 Paul Stastny             Tyler Johnson            Drew Stafford            60     0   0  5  
 2 Matt Cullen              Zach Boychuk             Scottie Upshall          40     0   0  5  

PowerPlay Defense
   Defense                  Defense                                           Time % Phy DF OF 
 1 Ales Hemsky              Brad Hunt                                         60     0   0  5  
 2 Chris Wideman            Sergei Gonchar                                    40     0   0  5  

Penalty Kill 4 Players Forward 
   Center                   Wing                     Time % Phy DF OF 
 1 Matt Cullen              Scottie Upshall          60     0   5  0  
 2 Brendan Shinnimin        Ales Hemsky              40     0   5  0  

Penalty Kill 4 Players Defense
   Defense                  Defense                  Time % Phy DF OF 
 1 Matt Greene              Brad Hunt                60     0   5  0  
 2 Radko Gudas              David Warsofsky          40     0   5  0  

Penalty Kill - 3 Players Forward 
   Forward                                           Time % Phy DF OF 
 1 Matt Cullen                                       60     0   5  0  
 2 Brendan Shinnimin                                 40     0   5  0  

Penalty Kill - 3 Players Defense
   Defense                  Defense                  Time % Phy DF OF 
 1 Matt Greene              Brad Hunt                60     0   5  0  
 2 Radko Gudas              David Warsofsky          40     0   5  0  

4 vs 4 Forward 
   Center                   Wing                     Time % Phy DF OF 
 1 Paul Stastny             Tyler Johnson            60     0   0  5  
 2 Brendan Shinnimin        Matt Cullen              40     1   3  1  

4 vs 4 Defense
   Defense                  Defense                  Time % Phy DF OF 
 1 Matt Greene              Brad Hunt                60     0   0  5  
 2 Radko Gudas              Sergei Gonchar           40     1   3  1  

Last Minutes Offensive
   Center                   Left Wing                Right Wing               Defense                  Defense                  
   Paul Stastny             Tyler Johnson            Drew Stafford            Sergei Gonchar           Chris Wideman            

Last Minutes Defensive
   Center                   Left Wing                Right Wing               Defense                  Defense                  
   Paul Stastny             Matt Cullen              Scottie Upshall          Matt Greene              Radko Gudas              

Goaltenders
Starting : Devan Dubnyk             
Backup : Thomas Greiss            

Extra Forwards
Normal : Tyler Johnson, Scottie Upshall, Zach Boychuk - PP : Zach Boychuk, Jason Akeson - PK : Ales Hemsky
Extra Defensemen
Normal : Chris Wideman, Matt Greene, Radko Gudas - PP : Radko Gudas - PK : Chris Wideman, David Warsofsky
Penalty Shots
Matt Cullen, Drew Stafford, Ales Hemsky, Tyler Johnson, Andrew Miller

% Time on Ice - Senators

Lines # - Real PCT - Wanted PCT - Time Play
Normal Forward
1 - 24% - 35% - 10:14
2 - 29% - 30% - 12:11
3 - 26% - 22% - 11:11
4 - 21% - 13% - 8:51
Normal Defense
1 - 34% - 35% - 14:18
2 - 34% - 30% - 14:36
3 - 26% - 22% - 10:52
4 - 6% - 13% - 2:41
PP Forward
1 - 50% - 60% - 2:40
2 - 50% - 40% - 2:42
PP Defense
1 - 67% - 60% - 3:37
2 - 33% - 40% - 1:45
PK Forward
1 - 80% - 60% - 9:27
2 - 20% - 40% - 2:23
PK Defense
1 - 55% - 60% - 6:28
2 - 45% - 40% - 5:22
PK3 Forward
1 - 100% - 60% - 1:42
2 - 0% - 40% - 0:00
PK3 Defense
1 - 69% - 60% - 1:10
2 - 31% - 40% - 0:32
44 Forward
1 - 100% - 60% - 0:40
2 - 0% - 40% - 0:00
44 Defense
1 - 33% - 60% - 0:13
2 - 68% - 40% - 0:27
Last Minute Offensive  - 0:00
Last Minute Defensive  - 0:00
Total
Forward - 62:01
Defense - 62:01

% Time on Ice - Devils

Lines # - Real PCT - Wanted PCT - Time Play
Normal Forward
1 - 29% - 38% - 12:09
2 - 24% - 30% - 10:08
3 - 25% - 22% - 10:34
4 - 23% - 10% - 9:36
Normal Defense
1 - 20% - 35% - 8:35
2 - 48% - 34% - 20:12
3 - 31% - 30% - 13:02
4 - 1% - 1% - 0:38
PP Forward
1 - 59% - 60% - 7:08
2 - 41% - 40% - 5:03
PP Defense
1 - 66% - 60% - 8:03
2 - 34% - 40% - 4:08
PK Forward
1 - 67% - 60% - 3:37
2 - 33% - 40% - 1:45
PK Defense
1 - 47% - 60% - 2:32
2 - 53% - 40% - 2:50
PK3 Forward
1 - 0% - 60%
2 - 0% - 40%
PK3 Defense
1 - 0% - 60%
2 - 0% - 40%
44 Forward
1 - 100% - 60% - 2:01
2 - 0% - 40% - 0:00
44 Defense
1 - 53% - 60% - 1:04
2 - 47% - 40% - 0:57
Last Minute Offensive  - 0:00
Last Minute Defensive  - 0:00
Total
Forward - 62:01
Defense - 62:01

Play by Play

1st period


0:01 of 1st period - Paul Stastny wins face-off versus Jonathan Toews in neutral zone.
0:04 of 1st period - Snap shot by Drew Stafford.
0:04 of 1st period - Deflect By Tyler Johnson.
0:04 of 1st period - Stopped by Steve Mason with a rebound.
0:10 of 1st period - Wrist shot by Jarome Iginla.
0:10 of 1st period - Stopped by Devan Dubnyk without a rebound.
0:11 of 1st period - Jonathan Toews wins face-off versus Paul Stastny in Devils zone.
0:18 of 1st period - Backhand shot by Jonathan Toews.
0:18 of 1st period - Stopped by Devan Dubnyk with a rebound.
0:20 of 1st period - Slapshot by Tyler Myers.
0:20 of 1st period - Shot Blocked by Tyler Johnson.
0:24 of 1st period - Wrist shot by Jonathan Toews.
0:24 of 1st period - Shot Misses the Net.
0:26 of 1st period - Slapshot by Boone Jenner.
0:26 of 1st period - Shot Blocked by Matt Greene.
0:28 of 1st period - Snap shot by Jarome Iginla.
0:28 of 1st period - Shot Misses the Net.
1:02 of 1st period - Dion Phaneuf is hit by Scottie Upshall and loses puck.
1:11 of 1st period - Snap shot by Matt Cullen.
1:11 of 1st period - Shot Misses the Net.
1:17 of 1st period - Radko Gudas is hit by Dion Phaneuf and loses puck.
1:18 of 1st period - Radko Gudas from Devils is injured at 1:18 of 1st period (Broken Bone (Right Ankle)).
1:19 of 1st period - Andrew Miller wins face-off versus Kyle Brodziak in Devils zone.
1:47 of 1st period - Snap shot by Kyle Chipchura.
1:47 of 1st period - Shot Misses the Net.
2:01 of 1st period - Minor Penalty to Andrew Miller for Holding.
2:02 of 1st period - Matt Cullen wins face-off versus Jonathan Toews in Devils zone.
2:13 of 1st period - Snap shot by Jarome Iginla.
2:13 of 1st period - Stopped by Devan Dubnyk with a rebound.
2:47 of 1st period - Dion Phaneuf is hit by Ales Hemsky and loses puck.
2:59 of 1st period - Snap shot by Brendan Shinnimin.
2:59 of 1st period - Stopped by Steve Mason without a rebound.
3:00 of 1st period - Kyle Turris wins face-off versus Brendan Shinnimin in Senators zone.
3:09 of 1st period - Slapshot by Phil Kessel.
3:09 of 1st period - Shot Blocked by Brendan Shinnimin.
3:13 of 1st period - Wrist shot by Phil Kessel.
3:13 of 1st period - Shot Misses the Net.
3:15 of 1st period - Slapshot by Johnny Oduya.
3:15 of 1st period - Stopped by Devan Dubnyk with a rebound.
3:17 of 1st period - Snap shot by Loui Eriksson.
3:17 of 1st period - Shot Misses the Net.
3:19 of 1st period - Slapshot by Zach Bogosian.
3:19 of 1st period - Shot Misses the Net.
3:25 of 1st period - Wrist shot by Phil Kessel.
3:25 of 1st period - Goal by Phil Kessel - Senators : 1 - Devils : 0.
3:26 of 1st period - Paul Stastny wins face-off versus Dave Bolland in neutral zone.
3:43 of 1st period - Snap shot by Mike Santorelli.
3:43 of 1st period - Shot Misses the Net.
3:45 of 1st period - Slapshot by Connor Murphy.
3:45 of 1st period - Shot Blocked by Drew Stafford.
3:47 of 1st period - Slapshot by Jake Gardiner.
3:47 of 1st period - Shot Misses the Net.
3:49 of 1st period - Slapshot by Jake Gardiner.
3:49 of 1st period - Stopped by Devan Dubnyk without a rebound.
3:50 of 1st period - Loui Eriksson wins face-off versus Matt Cullen in Devils zone.
4:40 of 1st period - Off-side.
4:41 of 1st period - Jonathan Toews wins face-off versus Brendan Shinnimin in neutral zone.
4:44 of 1st period - Zach Budish is hit by Zach Bogosian and loses puck.
5:09 of 1st period - Snap shot by Jonathan Toews.
5:09 of 1st period - Shot Blocked by David Warsofsky.
5:11 of 1st period - Wrist shot by Boone Jenner.
5:11 of 1st period - Stopped by Devan Dubnyk without a rebound.
5:12 of 1st period - Paul Stastny wins face-off versus Michael Grabner in Devils zone.
5:12 of 1st period - Paul Stastny is hit by Kyle Brodziak.
5:18 of 1st period - Tyler Johnson is hit by Kyle Brodziak and loses puck.
6:24 of 1st period - Phil Kessel is hit by Jason Akeson and loses puck.
7:10 of 1st period - Jonathan Toews is hit by David Warsofsky and loses puck.
7:35 of 1st period - Slapshot by Tyler Myers.
7:35 of 1st period - Shot Misses the Net.
7:59 of 1st period - Wrist shot by Brendan Shinnimin.
7:59 of 1st period - Deflect By Chris Bourque.
7:59 of 1st period - Shot Blocked by Dion Phaneuf.
7:59 of 1st period - Puck is out of play.
8:00 of 1st period - Kyle Brodziak wins face-off versus Paul Stastny in Senators zone.
8:00 of 1st period - Kyle Brodziak is hit by David Warsofsky.
8:23 of 1st period - Wrist shot by Drew Stafford.
8:23 of 1st period - Deflect By Tyler Johnson.
8:23 of 1st period - Stopped by Steve Mason with a rebound.
8:25 of 1st period - Slapshot by Tyler Johnson.
8:25 of 1st period - Shot Blocked by Connor Murphy.
8:57 of 1st period - Loui Eriksson is hit by Jason Akeson.
9:06 of 1st period - Slapshot by Sergei Gonchar.
9:06 of 1st period - Shot Misses the Net.
9:20 of 1st period - Johnny Oduya is hit by Sergei Gonchar and loses puck.
9:25 of 1st period - Wrist shot by Scottie Upshall.
9:25 of 1st period - Shot Misses the Net.
9:27 of 1st period - Snap shot by Sergei Gonchar.
9:27 of 1st period - Deflect By Matt Cullen.
9:27 of 1st period - Shot Misses the Net.
9:27 of 1st period - Puck is out of play.
9:28 of 1st period - Jonathan Toews wins face-off versus Matt Cullen in Senators zone.
10:09 of 1st period - Sergei Gonchar is hit by Jarome Iginla.
10:38 of 1st period - Jake Gardiner is hit by Chris Bourque and loses puck.
10:52 of 1st period - Snap shot by Bryan Bickell.
10:52 of 1st period - Shot Blocked by Brad Hunt.
10:54 of 1st period - Snap shot by Johnny Oduya.
10:54 of 1st period - Stopped by Devan Dubnyk without a rebound.
10:55 of 1st period - Kyle Brodziak wins face-off versus Paul Stastny in Devils zone.
11:00 of 1st period - Snap shot by Kyle Chipchura.
11:00 of 1st period - Deflect By Michael Grabner.
11:00 of 1st period - Stopped by Devan Dubnyk with a rebound.
11:05 of 1st period - Minor Penalty to David Warsofsky for Diving.
11:06 of 1st period - Kyle Turris wins face-off versus Matt Cullen in Devils zone.
11:32 of 1st period - Wrist shot by Kyle Turris.
11:32 of 1st period - Shot Misses the Net.
11:34 of 1st period - Slapshot by Dion Phaneuf.
11:34 of 1st period - Shot Blocked by Matt Greene.
11:36 of 1st period - Snap shot by Dion Phaneuf.
11:36 of 1st period - Shot Misses the Net.
11:38 of 1st period - Slapshot by Dion Phaneuf.
11:38 of 1st period - Shot Blocked by Brad Hunt.
13:01 of 1st period - Slapshot by Jonathan Toews.
13:01 of 1st period - Shot Blocked by Matt Greene.
13:03 of 1st period - Wrist shot by Zach Bogosian.
13:03 of 1st period - Shot Misses the Net.
13:05 of 1st period - Penalty to David Warsofsky is over, David Warsofsky is back on ice.
13:17 of 1st period - Backhand shot by Jake Gardiner.
13:17 of 1st period - Shot Misses the Net.
13:23 of 1st period - Connor Murphy is hit by Drew Stafford and loses puck.
14:03 of 1st period - Slapshot by Jason Akeson.
14:03 of 1st period - Stopped by Steve Mason with a rebound.
14:47 of 1st period - Icing by Sergei Gonchar.
14:48 of 1st period - Brendan Shinnimin wins face-off versus Kyle Turris in Devils zone.
14:53 of 1st period - Loui Eriksson is hit by Zach Budish and loses puck.
15:02 of 1st period - Slapshot by Kyle Turris.
15:02 of 1st period - Stopped by Devan Dubnyk with a rebound.
15:32 of 1st period - Slapshot by Drew Stafford.
15:32 of 1st period - Shot Misses the Net.
15:38 of 1st period - Wrist shot by Paul Stastny.
15:38 of 1st period - Shot Misses the Net.
15:40 of 1st period - Snap shot by Drew Stafford.
15:40 of 1st period - Shot Blocked by Loui Eriksson.
15:42 of 1st period - Slapshot by Drew Stafford.
15:42 of 1st period - Shot Blocked by Tyler Myers.
16:07 of 1st period - Snap shot by Jarome Iginla.
16:07 of 1st period - Stopped by Devan Dubnyk without a rebound.
16:08 of 1st period - Andrew Miller wins face-off versus Jonathan Toews in Devils zone.
16:08 of 1st period - Andrew Miller is hit by Jarome Iginla.
16:58 of 1st period - Ales Hemsky is hit by Jake Gardiner and loses puck.
17:14 of 1st period - Mike Santorelli is hit by Scottie Upshall and loses puck.
17:45 of 1st period - Michael Grabner is hit by Drew Stafford and loses puck.
17:46 of 1st period - Michael Grabner from Senators is injured at 17:46 of 1st period (Right Hip).
17:47 of 1st period - Jonathan Toews wins face-off versus Paul Stastny in Senators zone.
19:27 of 1st period - Snap shot by Zach Boychuk.
19:27 of 1st period - Stopped by Steve Mason with a rebound.
19:37 of 1st period - Snap shot by Andrew Miller.
19:37 of 1st period - Shot Misses the Net.
19:45 of 1st period - Brad Hunt is hit by Kyle Chipchura and loses puck.
Goals for this period are 1 for Senators vs 0 for Devils.
Shots for this period are 11 for Senators vs 5 for Devils.

2nd period


0:01 of 2nd period - Paul Stastny wins face-off versus Jonathan Toews in neutral zone.
0:04 of 2nd period - Slapshot by Drew Stafford.
0:04 of 2nd period - Stopped by Steve Mason with a rebound.
0:20 of 2nd period - Wrist shot by Jonathan Toews.
0:20 of 2nd period - Shot Misses the Net.
0:22 of 2nd period - Wrist shot by Boone Jenner.
0:22 of 2nd period - Shot Misses the Net.
0:24 of 2nd period - Snap shot by Boone Jenner.
0:24 of 2nd period - Deflect By Tyler Johnson.
0:24 of 2nd period - Stopped by Devan Dubnyk without a rebound.
0:25 of 2nd period - Kyle Turris wins face-off versus Matt Cullen in Devils zone.
0:35 of 2nd period - Off-side.
0:36 of 2nd period - Matt Cullen wins face-off versus Kyle Turris in neutral zone.
1:10 of 2nd period - Minor Penalty to Chris Wideman for Hooking.
1:11 of 2nd period - Scottie Upshall wins face-off versus Jonathan Toews in Devils zone.
3:10 of 2nd period - Penalty to Chris Wideman is over, Chris Wideman is back on ice.
3:38 of 2nd period - Connor Murphy is hit by Drew Stafford and loses puck.
3:47 of 2nd period - Slapshot by Jake Gardiner.
3:47 of 2nd period - Deflect By Dave Bolland.
3:47 of 2nd period - Shot Misses the Net.
3:47 of 2nd period - Puck is out of play.
3:48 of 2nd period - Andrew Miller wins face-off versus Dave Bolland in Devils zone.
4:03 of 2nd period - Snap shot by Andrew Miller.
4:03 of 2nd period - Shot Misses the Net.
4:05 of 2nd period - Wrist shot by Sergei Gonchar.
4:05 of 2nd period - Shot Blocked by Jake Gardiner.
4:07 of 2nd period - Slapshot by Andrew Miller.
4:07 of 2nd period - Shot Blocked by Connor Murphy.
4:09 of 2nd period - Slapshot by Brad Hunt.
4:09 of 2nd period - Stopped by Steve Mason without a rebound.
4:10 of 2nd period - Kyle Brodziak wins face-off versus Brendan Shinnimin in Senators zone.
4:47 of 2nd period - Snap shot by Jarome Iginla.
4:47 of 2nd period - Deflect By Jonathan Toews.
4:47 of 2nd period - Shot Misses the Net.
4:47 of 2nd period - Puck is out of play.
4:48 of 2nd period - Boone Jenner wins face-off versus Paul Stastny in Devils zone.
5:29 of 2nd period - Minor Penalty to Tyler Myers for Hooking.
5:30 of 2nd period - Matt Cullen wins face-off versus Jonathan Toews in Senators zone.
6:31 of 2nd period - Tyler Johnson is hit by Kyle Chipchura and loses puck.
6:40 of 2nd period - Kyle Chipchura is hit by Tyler Johnson and loses puck.
7:06 of 2nd period - Kyle Chipchura is hit by Tyler Johnson and loses puck.
7:29 of 2nd period - Penalty to Tyler Myers is over, Tyler Myers is back on ice.
8:53 of 2nd period - Matt Greene is hit by Bryan Bickell.
9:09 of 2nd period - Matt Greene is hit by Dave Bolland and loses puck.
9:27 of 2nd period - Snap shot by Scottie Upshall.
9:27 of 2nd period - Stopped by Steve Mason with a rebound.
9:54 of 2nd period - Snap shot by Boone Jenner.
9:54 of 2nd period - Deflect By Kyle Chipchura.
9:54 of 2nd period - Shot Misses the Net.
9:54 of 2nd period - Puck is out of play.
9:55 of 2nd period - Brendan Shinnimin wins face-off versus Boone Jenner in Devils zone.
10:00 of 2nd period - Kyle Chipchura is hit by Chris Bourque and loses puck.
10:27 of 2nd period - Paul Stastny is hit by Kyle Chipchura.
10:46 of 2nd period - Matt Cullen is hit by Boone Jenner and loses puck.
10:51 of 2nd period - Snap shot by Jonathan Toews.
10:51 of 2nd period - Stopped by Devan Dubnyk with a rebound.
11:33 of 2nd period - Snap shot by Paul Stastny.
11:33 of 2nd period - Shot Misses the Net.
11:57 of 2nd period - Kyle Brodziak is hit by Zach Budish and loses puck.
12:24 of 2nd period - Brad Hunt is hit by Kyle Turris and loses puck.
12:51 of 2nd period - Backhand shot by Zach Boychuk.
12:51 of 2nd period - Stopped by Steve Mason without a rebound.
12:52 of 2nd period - Jonathan Toews wins face-off versus Andrew Miller in Senators zone.
13:39 of 2nd period - Slapshot by Dion Phaneuf.
13:39 of 2nd period - Stopped by Devan Dubnyk with a rebound.
13:59 of 2nd period - Wrist shot by Brendan Shinnimin.
13:59 of 2nd period - Stopped by Steve Mason with a rebound.
14:01 of 2nd period - Wrist shot by Brendan Shinnimin.
14:01 of 2nd period - Goal by Brendan Shinnimin - Senators : 1 - Devils : 1.
14:02 of 2nd period - Jonathan Toews wins face-off versus Matt Cullen in neutral zone.
14:47 of 2nd period - Off-side.
14:48 of 2nd period - Dave Bolland wins face-off versus Paul Stastny in neutral zone.
14:53 of 2nd period - Slapshot by Dion Phaneuf.
14:53 of 2nd period - Stopped by Devan Dubnyk without a rebound.
14:54 of 2nd period - Paul Stastny wins face-off versus Dave Bolland in Devils zone.
14:54 of 2nd period - Paul Stastny is hit by Bryan Bickell.
15:06 of 2nd period - Slapshot by Dion Phaneuf.
15:06 of 2nd period - Stopped by Devan Dubnyk without a rebound.
15:07 of 2nd period - Andrew Miller wins face-off versus Kyle Turris in Devils zone.
15:33 of 2nd period - Minor Penalty to Dion Phaneuf for Hooking.
15:34 of 2nd period - Paul Stastny wins face-off versus Jonathan Toews in Senators zone.
15:48 of 2nd period - Snap shot by Tyler Johnson.
15:48 of 2nd period - Stopped by Steve Mason with a rebound.
15:50 of 2nd period - Slapshot by Tyler Johnson.
15:50 of 2nd period - Shot Misses the Net.
15:52 of 2nd period - Slapshot by Brad Hunt.
15:52 of 2nd period - Deflect By Drew Stafford.
15:52 of 2nd period - Deflect By Jonathan Toews.
15:52 of 2nd period - Shot Misses the Net.
15:52 of 2nd period - Puck is out of play.
15:53 of 2nd period - Jonathan Toews wins face-off versus Paul Stastny in Senators zone.
15:58 of 2nd period - Slapshot by Jarome Iginla.
15:58 of 2nd period - Stopped by Devan Dubnyk with a rebound.
17:02 of 2nd period - Scottie Upshall is hit by Kyle Turris and loses puck.
17:33 of 2nd period - Penalty to Dion Phaneuf is over, Dion Phaneuf is back on ice.
18:03 of 2nd period - Wrist shot by Sergei Gonchar.
18:03 of 2nd period - Shot Misses the Net.
18:10 of 2nd period - Minor Penalty to Kyle Brodziak for Holding.
18:11 of 2nd period - Jonathan Toews wins face-off versus Paul Stastny in Senators zone.
18:14 of 2nd period - Off-side.
18:15 of 2nd period - Paul Stastny wins face-off versus Jonathan Toews in neutral zone.
18:33 of 2nd period - Off-side.
18:34 of 2nd period - Matt Cullen wins face-off versus Jonathan Toews in neutral zone.
19:00 of 2nd period - Slapshot by Matt Cullen.
19:00 of 2nd period - Stopped by Steve Mason with a rebound.
19:02 of 2nd period - Slapshot by Ales Hemsky.
19:02 of 2nd period - Deflect By Scottie Upshall.
19:02 of 2nd period - Shot Misses the Net.
19:02 of 2nd period - Puck is out of play.
19:03 of 2nd period - Kyle Turris wins face-off versus Tyler Johnson in Senators zone.
19:13 of 2nd period - Slapshot by Sergei Gonchar.
19:13 of 2nd period - Deflect By Paul Stastny.
19:13 of 2nd period - Shot Misses the Net.
19:13 of 2nd period - Puck is out of play.
19:14 of 2nd period - Jonathan Toews wins face-off versus Paul Stastny in Senators zone.
19:31 of 2nd period - Dion Phaneuf is hit by Drew Stafford.
19:48 of 2nd period - Minor Penalty to Tyler Myers for Holding.
19:49 of 2nd period - Jonathan Toews wins face-off versus Matt Cullen in Senators zone.
19:56 of 2nd period - Slapshot by Dion Phaneuf.
19:56 of 2nd period - Stopped by Devan Dubnyk without a rebound.
19:57 of 2nd period - Matt Cullen wins face-off versus Jonathan Toews in Devils zone.
Goals for this period are 0 for Senators vs 1 for Devils.
Shots for this period are 7 for Senators vs 8 for Devils.

3rd period


0:01 of 3rd period - Jonathan Toews wins face-off versus Tyler Johnson in neutral zone.
0:06 of 3rd period - Tyler Johnson is hit by Dion Phaneuf and loses puck.
0:10 of 3rd period - Penalty to Kyle Brodziak is over, Kyle Brodziak is back on ice.
0:23 of 3rd period - Snap shot by Paul Stastny.
0:23 of 3rd period - Shot Misses the Net.
0:25 of 3rd period - Snap shot by Tyler Johnson.
0:25 of 3rd period - Shot Hit the Post.
0:55 of 3rd period - Wrist shot by Zach Boychuk.
0:55 of 3rd period - Stopped by Steve Mason without a rebound.
0:56 of 3rd period - Matt Cullen wins face-off versus Jonathan Toews in Senators zone.
1:48 of 3rd period - Penalty to Tyler Myers is over, Tyler Myers is back on ice.
1:49 of 3rd period - Jarome Iginla is hit by Sergei Gonchar.
2:13 of 3rd period - Slapshot by Tyler Myers.
2:13 of 3rd period - Stopped by Devan Dubnyk with a rebound.
3:24 of 3rd period - Slapshot by Matt Greene.
3:24 of 3rd period - Shot Misses the Net.
3:30 of 3rd period - Wrist shot by Zach Boychuk.
3:30 of 3rd period - Stopped by Steve Mason with a rebound.
3:32 of 3rd period - Slapshot by Matt Greene.
3:32 of 3rd period - Stopped by Steve Mason without a rebound.
3:33 of 3rd period - Dave Bolland wins face-off versus Andrew Miller in Senators zone.
3:33 of 3rd period - Dave Bolland is hit by Matt Greene.
3:44 of 3rd period - Wrist shot by Andrew Miller.
3:44 of 3rd period - Shot Blocked by Zach Bogosian.
3:46 of 3rd period - Snap shot by Matt Greene.
3:46 of 3rd period - Stopped by Steve Mason without a rebound.
3:47 of 3rd period - Kyle Brodziak wins face-off versus Scottie Upshall in Senators zone.
4:33 of 3rd period - Matt Greene is hit by Johnny Oduya and loses puck.
5:18 of 3rd period - Kyle Turris is hit by Zach Boychuk and loses puck.
5:33 of 3rd period - Snap shot by Drew Stafford.
5:33 of 3rd period - Stopped by Steve Mason without a rebound.
5:34 of 3rd period - Bryan Bickell wins face-off versus Paul Stastny in Senators zone.
5:49 of 3rd period - Backhand shot by Dave Bolland.
5:49 of 3rd period - Stopped by Devan Dubnyk with a rebound.
5:51 of 3rd period - Slapshot by Tyler Myers.
5:51 of 3rd period - Stopped by Devan Dubnyk without a rebound.
5:52 of 3rd period - Matt Cullen wins face-off versus Dave Bolland in Devils zone.
6:51 of 3rd period - Jonathan Toews is hit by Drew Stafford and loses puck.
8:09 of 3rd period - Jason Akeson is hit by Connor Murphy and loses puck.
8:30 of 3rd period - Wrist shot by Dave Bolland.
8:30 of 3rd period - Stopped by Devan Dubnyk with a rebound.
8:32 of 3rd period - Slapshot by Zach Bogosian.
8:32 of 3rd period - Shot Blocked by Sergei Gonchar.
8:34 of 3rd period - Snap shot by Johnny Oduya.
8:34 of 3rd period - Stopped by Devan Dubnyk with a rebound.
8:38 of 3rd period - Wrist shot by Kyle Chipchura.
8:38 of 3rd period - Deflect By Sergei Gonchar.
8:38 of 3rd period - Stopped by Devan Dubnyk with a rebound.
8:40 of 3rd period - Wrist shot by Kyle Chipchura.
8:40 of 3rd period - Shot Misses the Net.
8:52 of 3rd period - Sergei Gonchar is hit by Kyle Chipchura and loses puck.
9:07 of 3rd period - Matt Greene is hit by Kyle Chipchura and loses puck.
10:00 of 3rd period - Drew Stafford is hit by Connor Murphy and loses puck.
11:52 of 3rd period - Minor Penalty to Dion Phaneuf for Hooking.
11:53 of 3rd period - Zach Boychuk wins face-off versus Jonathan Toews in Senators zone.
12:45 of 3rd period - Zach Bogosian is hit by Scottie Upshall and loses puck.
13:21 of 3rd period - Tyler Myers is hit by Paul Stastny and loses puck.
13:32 of 3rd period - Snap shot by Phil Kessel.
13:32 of 3rd period - Stopped by Devan Dubnyk without a rebound.
13:33 of 3rd period - Drew Stafford wins face-off versus Phil Kessel in Devils zone.
13:52 of 3rd period - Penalty to Dion Phaneuf is over, Dion Phaneuf is back on ice.
13:54 of 3rd period - Backhand shot by Matt Cullen.
13:54 of 3rd period - Shot Blocked by Connor Murphy.
14:23 of 3rd period - Wrist shot by Brendan Shinnimin.
14:23 of 3rd period - Shot Misses the Net.
14:25 of 3rd period - Slapshot by Chris Wideman.
14:25 of 3rd period - Deflect By Kyle Turris.
14:25 of 3rd period - Stopped by Steve Mason with a rebound.
14:27 of 3rd period - Slapshot by Matt Greene.
14:27 of 3rd period - Shot Blocked by Dion Phaneuf.
14:29 of 3rd period - Slapshot by Matt Greene.
14:29 of 3rd period - Deflect By Dion Phaneuf.
14:29 of 3rd period - Stopped by Steve Mason without a rebound.
14:30 of 3rd period - Kyle Brodziak wins face-off versus Brendan Shinnimin in Senators zone.
14:45 of 3rd period - Wrist shot by Chris Bourque.
14:45 of 3rd period - Shot Blocked by Jake Gardiner.
14:47 of 3rd period - Slapshot by David Warsofsky.
14:47 of 3rd period - Stopped by Steve Mason with a rebound.
14:49 of 3rd period - Backhand shot by Matt Greene.
14:49 of 3rd period - Stopped by Steve Mason without a rebound.
14:50 of 3rd period - Dave Bolland wins face-off versus Andrew Miller in Senators zone.
15:00 of 3rd period - Snap shot by Andrew Miller.
15:00 of 3rd period - Stopped by Steve Mason without a rebound.
15:01 of 3rd period - Andrew Miller wins face-off versus Boone Jenner in Senators zone.
15:59 of 3rd period - Zach Bogosian is hit by Zach Boychuk and loses puck.
16:33 of 3rd period - Minor Penalty to Kyle Chipchura for Cross-checking.
16:34 of 3rd period - Paul Stastny wins face-off versus Jonathan Toews in Senators zone.
17:08 of 3rd period - Wrist shot by Matt Cullen.
17:08 of 3rd period - Stopped by Steve Mason without a rebound.
17:09 of 3rd period - Jonathan Toews wins face-off versus Scottie Upshall in Senators zone.
17:32 of 3rd period - Slapshot by Jarome Iginla.
17:32 of 3rd period - Shot Blocked by Drew Stafford.
18:33 of 3rd period - Penalty to Kyle Chipchura is over, Kyle Chipchura is back on ice.
18:36 of 3rd period - Brad Hunt is hit by Kyle Turris and loses puck.
19:02 of 3rd period - David Warsofsky is hit by Phil Kessel.
19:14 of 3rd period - Snap shot by Chris Bourque.
19:14 of 3rd period - Shot Misses the Net.
19:21 of 3rd period - Minor Penalty to Tyler Myers for Hooking.
19:22 of 3rd period - Paul Stastny wins face-off versus Jonathan Toews in Senators zone.
19:34 of 3rd period - Slapshot by Jarome Iginla.
19:34 of 3rd period - Deflect By Jonathan Toews.
19:34 of 3rd period - Shot Misses the Net.
19:34 of 3rd period - Puck is out of play.
19:35 of 3rd period - Jonathan Toews wins face-off versus Paul Stastny in Devils zone.
Goals for this period are 0 for Senators vs 0 for Devils.
Shots for this period are 7 for Senators vs 11 for Devils.

Overtime #1


0:01 of 1st overtime period - Paul Stastny wins face-off versus Jonathan Toews in neutral zone.
0:06 of 1st overtime period - Wrist shot by Tyler Johnson.
0:06 of 1st overtime period - Deflect By Paul Stastny.
0:06 of 1st overtime period - Stopped by Steve Mason with a rebound.
0:22 of 1st overtime period - Dion Phaneuf is hit by Paul Stastny and loses puck.
1:21 of 1st overtime period - Penalty to Tyler Myers is over, Tyler Myers is back on ice.
1:21 of 1st overtime period - Wrist shot by Sergei Gonchar.
1:21 of 1st overtime period - Shot Blocked by Johnny Oduya.
1:23 of 1st overtime period - Slapshot by Sergei Gonchar.
1:23 of 1st overtime period - Shot Blocked by Johnny Oduya.
1:46 of 1st overtime period - Scottie Upshall is hit by Jarome Iginla and loses puck.
2:01 of 1st overtime period - Wrist shot by Jarome Iginla.
2:01 of 1st overtime period - Goal by Jarome Iginla - Senators : 2 - Devils : 1.
Goals for this period are 1 for Senators vs 0 for Devils.
Shots for this period are 1 for Senators vs 1 for Devils.